 Dungeon Crawl Stone Soup version 0.28.0-45-g0d030f2227 (webtiles) character file.

Game seed: 3693971122414536914

2482 issech the Cudgeller (level 9, 0/88 HPs)
             Began as a Troll Monk on Apr 18, 2022.
             Succumbed to a water moccasin's poison
             ... on level 7 of the Dungeon.
             The game lasted 00:26:29 (6820 turns).

issech the Cudgeller (Troll Monk)                   Turns: 6820, Time: 00:26:30

Health: 0/88       AC:  4    Str: 21    XL:     9   Next: 27%
Magic:  8/8        EV: 10    Int:  6    God:
Gold:   645        SH:  8    Dex: 16    Spells: 8/8 levels left

rFire   + . .      SeeInvis .   j - +2 whip (venom)
rCold   . . .      Faith    .   E - +0 kite shield
rNeg    . . .      Spirit   .   b - +0 robe
rPois   .          Reflect  .   (helmet restricted)
rElec   .          Harm     .   (no cloak)
rCorr   .          Rampage  .   (gloves unavailable)
Will    .....                   (boots unavailable)
Stlth   ++........              (no amulet)
HPRegen 1.04/turn               O - ring of protection from fire
MPRegen 0.11/turn               (no ring)

@: lethally poisoned (0 -> -11)
A: large, unfitting armour, claws 3, regeneration 1, shaggy fur 1, tough skin 1
a: no special abilities


You were on level 7 of the Dungeon.
You visited 1 branch of the dungeon, and saw 7 of its levels.
You also visited: Sewer.

You collected 645 gold pieces.

Inventory:

Hand Weapons
 a - a +0 mace
 j - a +2 whip of venom (weapon)
 l - a +0 hunting sling
 r - a +2 vampiric trident
 w - a +1 dagger of venom
 x - a +1 vorpal flail
 z - a +0 giant club
 A - a +0 vorpal hand axe
 D - a +0 giant spiked club
 G - a +0 great sword
 K - a +2 falchion of pain
Missiles
 e - 71 arrows
 g - 91 stones (quivered)
 i - 7 poisoned darts
 q - 76 sling bullets
 y - 41 bolts
 P - a throwing net
 Q - a boomerang
Armour
 b - a +0 robe (worn)
 E - a +0 kite shield (worn)
Jewellery
 O - a ring of protection from fire (left claw)
Wands
 B - a wand of charming (9)
 C - a wand of acid (4)
 F - a wand of paralysis (9)
 H - a wand of iceblast (3)
 I - a wand of flame (8)
Scrolls
 d - a scroll of holy word
 h - a scroll of immolation
 k - a scroll of noise
 o - 4 scrolls of teleportation {unknown}
 s - 2 scrolls of enchant armour
 t - a scroll of amnesia {unknown}
 J - a scroll of identify
 M - a scroll of brand weapon {unknown}
 N - a scroll of fog {unknown}
Potions
 c - a potion of haste {unknown}
 f - a potion of might {unknown}
 m - a potion of berserk rage
 n - a potion of resistance {unknown}
 p - a potion of degeneration {unknown}
 u - 5 potions of flight {unknown}
 v - 3 potions of heal wounds {unknown}
 L - a potion of brilliance {unknown}


   Skills:
 + Level 5.3 Fighting
 + Level 7.6 Maces & Flails
 + Level 3.2 Throwing
 + Level 5.1 Dodging
 + Level 2.5 Stealth
 + Level 1.5 Shields


You had 8 spell levels left.
You didn't know any spells.
Your spell library contained the following spells:

 Spells                   Type           Power      Damage    Failure   Level
 Foxfire                  Conj/Fire      0%         2x1d4     77%         1
 Ensorcelled Hibernation  Hex/Ice        0%         N/A       88%         2
 Passwall                 Tmut/Erth      0%         N/A       88%         2
 Conjure Flame            Conj/Fire      0%         6-21      98%         3
 Inner Flame              Hex/Fire       0%         N/A       98%         3
 Swiftness                Air            0%         N/A       98%         3
 Flame Wave               Conj/Fire      0%         2d4       100%        4


Dungeon Overview and Level Annotations

Branches:
Dungeon (7/15)              Sewer (visited)
 Temple: D:4-7

Altars:

Shops:
D:6 :

Annotations:
D:6 2 transporters, Jingleheimer's ghost, novice VSFi


Innate Abilities, Weirdness & Mutations

You are too large for most types of armour.
You have claws for hands.
Your natural rate of healing is unusually fast.
You are covered in fur. (AC +1)
You have tough skin. (AC +1)


Message History

You miss the water moccasin.
The water moccasin is almost dead.
You feel very sick. The water moccasin bites you.
You are more poisoned.
The water moccasin poisons you! You block the water moccasin's attack.
You hit the water moccasin but do no damage.
The water moccasin is severely wounded.
You feel very sick. The water moccasin barely misses you.
You barely miss the water moccasin.
The water moccasin is severely wounded.
You feel very sick. The water moccasin bites you.
You are more poisoned.
The water moccasin poisons you!
You hit the water moccasin.
The water moccasin is almost dead.
You feel extremely sick. The water moccasin closely misses you.
You barely miss the water moccasin.
The water moccasin is almost dead.
You feel very sick. The water moccasin bites you.
* * * LOW HITPOINT WARNING * * *
You closely miss the water moccasin.
The water moccasin is almost dead.
You feel very sick. The water moccasin bites you.
* * * LOW HITPOINT WARNING * * *
You feel very sick. The water moccasin bites you.
* * * LOW HITPOINT WARNING * * *
You are lethally poisoned!
The water moccasin poisons you!
* * * LOW HITPOINT WARNING * * *
You feel very sick.
You barely miss the water moccasin.
The water moccasin is almost dead.
You die...

.#####..#.#
...(......#
...(......#
....((....#
..........#
#.......5>#
#######'### ###
#.###########.#
#..(.()S@.....#
#############.#
#.# #.# #.# #.#
#.# #.# #.#


You could see a water moccasin.

Vanquished Creatures
  The ghost of AverageBear the Chopper, a novice DDFi (D:5)
  Grinder (D:3)
  4 water moccasins
  An orc warrior (D:7)
  A black bear (D:5)
  A sky beast (D:5)
  2 ogres
  A necrophage (D:6)
  A phantom (D:5)
  A scorpion (D:6)
  A wyvern skeleton (D:6)
  A howler monkey (D:5)
  A hound (D:6)
  A bullfrog zombie (D:5)
  2 centaur skeletons
  9 orc priests
  2 iguanas (D:5)
  2 orc wizards
  A scorpion zombie (D:5)
  A hound zombie (D:5)
  A howler monkey zombie (D:3)
  5 adders
  4 shadow imps
  A white imp (D:5)
  2 worms
  2 dart slugs (D:1)
  13 orcs
  8 endoplasms
  4 giant cockroaches
  12 goblins
  5 hobgoblins
  3 quokkas
  7 ball pythons
  9 bats
  A frilled lizard (D:1)
  13 kobolds
  3 rats (D:2)
128 creatures vanquished.

Vanquished Creatures (others)
  A sky beast (D:7)
  14 plants
15 creatures vanquished.

Grand Total: 143 creatures vanquished

Notes
Turn   | Place    | Note
-------+----------+-------------------------------------------
     0 | D:1      | issech the Troll Monk began the quest for the Orb.
     0 | D:1      | Reached XP level 1. HP: 22/22 MP: 0/0
   146 | D:1      | Reached XP level 2. HP: 29/29 MP: 1/1
   313 | D:1      | Reached skill level 3 in Maces & Flails
   997 | D:2      | Reached XP level 3. HP: 36/36 MP: 2/2
  1715 | D:3      | Found a transporter.
  1744 | D:3      | Found a transporter.
  1828 | D:3      | Reached XP level 4. HP: 40/45 MP: 3/3
  1859 | D:3      | Noticed Grinder
  1884 | D:3      | Paralysed by Grinder for 4 turns
  1888 | D:3      | Killed Grinder
  1889 | D:3      | Reached skill level 4 in Maces & Flails
  1889 | D:3      | Reached XP level 5. HP: 15/53 MP: 4/4
  1889 | D:3      | Reached XP level 6. HP: 17/61 MP: 5/5
  2432 | D:4      | Reached skill level 5 in Maces & Flails
  2500 | D:4      | Noticed a water moccasin
  2525 | D:4      | Killed a water moccasin
  2526 | D:4      | Reached XP level 7. HP: 41/68 MP: 6/6
  3545 | D:5      | Entered Level 5 of the Dungeon
  3611 | D:5      | Reached skill level 6 in Maces & Flails
  3698 | D:5      | Found a runed translucent door.
  3698 | D:5      | Noticed AverageBear's ghost (novice DDFi)
  3800 | D:5      | Killed AverageBear's ghost
  3801 | D:5      | Reached XP level 8. HP: 24/79 MP: 7/7
  4022 | D:5      | HP: 3/79 [water moccasin (1)]
  4027 | D:5      | HP: 3/79 [poisoned by a water moccasin]
  4237 | D:5      | Reached skill level 5 in Fighting
  4237 | D:5      | Reached skill level 7 in Maces & Flails
  4374 | D:5      | Reached skill level 5 in Dodging
  4413 | D:5      | Reached skill level 1 in Shields
  4805 | D:6      | Found a glowing drain.
  4826 | Sewer    | Entered a sewer
  4890 | Sewer    | Reached XP level 9. HP: 65/88 MP: 8/8
  5646 | D:3      | Reached skill level 1 in Throwing
  5960 | D:6      | Found a transporter.
  5962 | D:6      | Noticed Jingleheimer's ghost (novice VSFi)
  5968 | D:6      | Noticed a two-headed ogre
  5973 | D:6      | Found a transporter.
  6154 | D:6      | Found Fitaudwe's Book Shoppe.
  6819 | D:7      | HP: 3/88 [poisoned by a water moccasin]
  6820 | D:7      | Succumbed to a water moccasin's poison

Illustrated notes

Levels and vault maps discovered:
D:1:      elethiomel_arrival_shortcut, layout_basic
D:2:      layout_rooms, minmay_small_reverse_x
D:3:      gammafunk_wand_slinger, layout_basic, glass_columns_c, corexii_shack,
          uniq_grinder
D:4:      cheibrodos_old_hovel, layout_loops_corners
D:5:      corexii_shack_village, layout_loops_ring, gammafunk_ghost_grave
D:6:      layout_rooms, cheibrodos_sewer_entry_sluice, serial_shops,
          shop_fountains, gammafunk_ghost_arena
D:7:      layout_basic, lemuel_temple_firewalk_b

Skill      XL: |  1  2  3  4  5  6  7  8  9 |
---------------+----------------------------+-----
Maces & Flails | 3 4 5 6 7 |  7.6
Fighting       | 3 4 5 |  5.3
Dodging        | 3 4 5 |  5.1
Stealth        | 2 |  2.5
Shields        | 1 |  1.5
Throwing       | 3 |  3.2

Action                   |  1- 3 |  4- 6 |  7- 9 || total
-------------------------+-------+-------+-------++-------
Melee: Mace              |    27 |       |       ||    27
       Whip              |    73 |    70 |   355 ||   498
       Punch             |     3 |     2 |       ||     5
       Giant spiked club |       |       |     8 ||     8
Throw: Stone             |       |     3 |   205 ||   208
  Use: Scroll            |       |       |     6 ||     6
 Stab: Sleeping          |     2 |     1 |     3 ||     6
Armor: Robe              |    33 |    12 |    82 ||   127
Dodge: Dodged            |    46 |    41 |   149 ||   236
Block: Kite shield       |       |       |    86 ||    86
